 Dungeon Crawl Stone Soup version 0.32-a0-332-g4264278 (webtiles) character file.

Game seed: 12855855161200985473

1701 edsrzf the Cleaver (level 8, -2/45 (63) HPs)
             Began as a Mountain Dwarf Reaver on Feb 16, 2024.
             Was a Follower of Cheibriados.
             Engulfed by a steam dragon's steam (9 damage)
             ... on level 7 of the Dungeon.
             The game lasted 00:14:11 (7326 turns).

edsrzf the Cleaver (Mountain Dwarf Reaver)          Turns: 7326, Time: 00:14:11

HP:   -2/45 (63)    AC:  3    Str: 21    XL:     8   Next: 73%
MP:   12/14         EV: 11    Int: 16    God:    Cheibriados [*.....]
Gold: 239           SH:  0    Dex: 11    Spells: 11/15 levels left

rFire   . . .        a - +0 hand axe
rCold   . . .        (no shield)
rNeg    . . .        b - +0 leather armour
rPois   +            (no helmet)
rElec   .            (no cloak)
rCorr   +            (no gloves)
SInv    .            (no boots)
Will    .....        (no amulet)
Stlth   +            h - ring of poison resistance
HPRegen 0.27/turn    p - ring of resist corrosion
MPRegen 0.14/turn

%: no passive effects
@: very heavily drained, very slow
A: runic magic, artefact enchanting
a: Renounce Religion, Bend Time


You were on level 7 of the Dungeon.
You worshipped Cheibriados.
Cheibriados was aware of your devotion.
You visited 2 branches of the dungeon, and saw 8 of its levels.

You collected 239 gold pieces.

Inventory:

Hand Weapons
 a - a +0 hand axe (weapon)
Missiles
 i - 9 poisoned darts
 j - 2 curare-tipped darts
Armour
 b - a +0 leather armour (worn)
Jewellery
 h - a ring of poison resistance (left hand)
 p - a ring of resist corrosion (right hand)
Wands
 o - a wand of charming (15)
 s - a wand of polymorph (12)
Scrolls
 d - a scroll of amnesia {unknown}
 f - 3 scrolls of identify {@r1}
 g - 2 scrolls of silence {unknown}
 k - 3 scrolls of teleportation {@r3}
 l - 2 scrolls of poison {unknown}
 m - a scroll of enchant weapon {unknown}
 n - 2 scrolls of fear {unknown}
 r - a scroll of torment {unknown}
Potions
 c - a potion of cancellation
 e - a potion of mutation {!q}
 q - a potion of invisibility


   Skills:
 + Level 3.0 Fighting
 + Level 9.5 Axes
 - Level 1.3 Dodging
 - Level 4.0 Spellcasting
 - Level 4.0 Conjurations
 - Level 3.0 Necromancy
 - Level 2.3 Translocations
 - Level 3.2 Alchemy


You had 11 spell levels left.
You knew the following spells:

 Your Spells              Type           Power      Damage    Failure   Level
a - Kiss of Death         Conj/Necr      56%        2d9       4%          1
b - Momentum Strike       Conj/Tloc      26%        3d8       7%          2
x - Sting                 Conj/Alch      56%        1d6       4%          1

Your spell library contained the following spells:

 Spells                   Type           Power      Damage    Failure   Level
 Mercury Vapours          Alch/Air       16%        N/A       14%         2
 Hailstorm                Conj/Ice       9%         3d6       22%         3
 Olgreb's Toxic Radiance  Alch           13%        N/A       43%         4
 Call Canine Familiar     Summ           3%         N/A       45%         3
 Sigil of Binding         Hex            3%         N/A       45%         3
 Dimensional Bullseye     Hex/Tloc       3%         N/A       71%         4


Dungeon Overview and Level Annotations

Branches:
Dungeon (7/15)             Temple (1/1) D:4

Altars:
Ashenzari
Cheibriados
Dithmenos
Elyvilon
Fedhas
Gozag
Hepliaklqana
Makhleb
Nemelex Xobeh
Okawaru
Ru
Sif Muna
Trog
Uskayaw
Wu Jian
Xom
Yredelemnul
Zin
The Shining One

Shops:
D:4 =


Innate Abilities, Weirdness & Mutations

Your spellcasting is much less encumbered by armour.
You can use scrolls of enchantment on lesser artefacts.


Message History

You miss something. You hit something.
You hear some strange, mumbled words.
A puff of flame appears from out of thin air!
The puff of flame hits you.
You miss something. Something hits you.
You closely miss something. Something hits you.
You barely miss something.
You hear some strange, mumbled words.
Something tries to affect you, but you resist.
You miss something. Something hits you.
You slash something! You closely miss something. Something hits you.
You miss something. Something completely misses you.
You barely miss something. Something hits you.
You miss something.
You hear some strange, mumbled words.
You are confused.
A magic dart appears from out of thin air!
The magic dart hits you!
You bump into the rock wall.
You miss something.
You hear some strange, mumbled words.
A magic dart appears from out of thin air!
The magic dart hits you!
You closely miss something. Something hits you.
You bump into the rock wall.
Something hits you.
You bump into the rock wall.
You feel less confused.
You hear some strange, mumbled words.
A magic dart appears from out of thin air!
The magic dart hits you.
Casting: Momentum Strike (safe; 7% risk of failure)
Confirm with . or Enter, or press ? or * to list all spells.
Aiming: Momentum Strike (safe; 7% risk of failure)
Press: ? - help, Dir - move target The momentum dissipates harmlessly.
Something hits you.
Casting: Momentum Strike (safe; 7% risk of failure)
Confirm with . or Enter, or press ? or * to list all spells.
Aiming: Momentum Strike (safe; 7% risk of failure)
Press: ? - help, Dir - move target The concentrated momentum hits something!!
Cheibriados appreciates the change of pace.
Reactivating autopickup.
You feel a bit more experienced.
You are unable to move.
Your Fighting skill increases to level 3!
You start resting.
You are no longer robbed of momentum.
You start resting.
Magic restored.
Things that are here:
a +0 dagger; a +0 robe; an orc corpse You start resting.
HP restored.
Things that are here:
a +0 short sword; a +0 short sword
Found a robe.
You see here a +0 robe.
A steam dragon comes into view.
The steam dragon hisses angrily.
The steam dragon breathes steam at you. The ball of steam hits you!!
Casting: Momentum Strike (safe; 7% risk of failure)
Confirm with . or Enter, or press ? or * to list all spells.
Aiming: Momentum Strike (safe; 7% risk of failure)
Press: ? - help, Dir - move target, f - steam dragon
Aim: a steam dragon (steam, catching its breath, 71% to hit)
Okay, then.
You hit the steam dragon but do no damage.
You hit the steam dragon.
The steam dragon is lightly wounded.
The steam dragon bites you! The steam dragon claws you.
You closely miss the steam dragon.
The steam dragon is lightly wounded.
The steam dragon bites you but does no damage.
The steam dragon claws you.
Casting: Momentum Strike (safe; 7% risk of failure)
Confirm with . or Enter, or press ? or * to list all spells.
Aiming: Kiss of Death (safe; 4% risk of failure)
Press: ? - help, Shift-Dir - straight line, f - steam dragon
Aim: a steam dragon (lightly wounded, 100% to hit)
The fragment of death hits the steam dragon!
The steam dragon is drained!
The steam dragon is severely wounded.
You feel drained. The steam dragon breathes steam at you.
The ball of steam hits you!!
* * * LOW HITPOINT WARNING * * *
Casting: Kiss of Death (safe; 4% risk of failure)
Confirm with . or Enter, or press ? or * to list all spells.
Aiming: Kiss of Death (safe; 4% risk of failure)
Press: ? - help, Shift-Dir - straight line, f/p - steam dragon
Aim: a steam dragon (severely wounded, catching its breath, lightly drained, 100% to hit)
The fragment of death hits the steam dragon.
The steam dragon is drained!
The steam dragon is almost dead.
You feel drained.
You are engulfed in a cloud of scalding steam.
You die...
Cheibriados appreciates the motionlessness of death.

....#.#.####.#.#
....#.#.#....#.#
.<......#.##.#.#####
.#..#.###.###......#
#...#...........#.##
#..##...#.#.#.###§#
....# #.#...#.#.§D#
#...# .#...#.#D###
....# .......#.@.#
#..########.#####§#
.............####.####
#.>.####.............#
.......#.##.#####.##.#
#.#.##.#.##....##.##.#
..#.##.#..........##.#
....##.######.######.#
....##.######....# #.#


You could see a steam dragon (catching breath, very drained).

Vanquished Creatures
  3 water moccasins
  An ice beast (D:7)
  2 black bears
  An ogre (D:6)
  2 centaurs (D:7)
  A bullfrog (D:7)
  A gnoll sergeant (D:6)
  A scorpion (D:5)
  An electric eel (D:6)
  A jelly (D:4)
  2 bombardier beetles (D:5)
  4 hounds
  A sleepcap (D:6)
  An iguana (D:7)
  An orc wizard (D:7)
  Natasha (thrice) (D:3)
  Terence (D:3)
  5 gnolls (D:6)
  6 adders
  2 shadow imps
  3 white imps
  A ribbon worm (D:3)
  3 dart slugs
  3 orcs
  9 bats
  4 endoplasms
  3 giant cockroaches
  5 goblins
  8 hobgoblins
  6 jackals (D:2)
  8 kobolds
  2 quokkas
  3 ball pythons
  3 frilled lizards (D:1)
  3 rats (D:2)
104 creatures vanquished.

Notes
Turn   | Place    | Note
-------+----------+-------------------------------------------
     0 | D:1      | edsrzf the Mountain Dwarf Reaver began the quest for the
                  | Orb.
     0 | D:1      | Reached XP level 1. HP: 17/17 MP: 3/3
   201 | D:1      | Reached skill level 2 in Spellcasting
   209 | D:1      | Reached skill level 3 in Conjurations
   209 | D:1      | Reached XP level 2. HP: 24/24 MP: 5/5
   642 | D:1      | Reached XP level 3. HP: 28/29 MP: 6/6
  1005 | D:2      | Reached XP level 4. HP: 35/36 MP: 8/8
  1278 | D:2      | Reached skill level 3 in Spellcasting
  1507 | D:3      | Noticed Natasha
  1515 | D:3      | Killed Natasha
  1516 | D:3      | Reached skill level 4 in Axes
  1516 | D:3      | Reached skill level 4 in Conjurations
  1584 | D:3      | Noticed Terence
  1601 | D:3      | Killed Terence
  1602 | D:3      | Reached XP level 5. HP: 20/38 MP: 6/9
  1634 | D:3      | Reached skill level 1 in Necromancy
  1636 | D:3      | Noticed Natasha
  1692 | D:3      | Identified a scroll of teleportation
  1779 | D:3      | Found a faded altar of an unknown god.
  1819 | D:3      | Killed Natasha
  2154 | D:3      | Reached skill level 2 in Necromancy
  2221 | D:3      | Noticed Natasha
  2232 | D:3      | Killed Natasha
  2233 | D:3      | Reached skill level 5 in Axes
  2545 | D:4      | Reached XP level 6. HP: 14/43 MP: 8/10
  2653 | D:4      | Learned a level 2 spell: Momentum Strike
  2705 | D:4      | Found a staircase to the Ecumenical Temple.
  2940 | Temple   | Entered the Ecumenical Temple
  2954 | Temple   | Became a worshipper of Cheibriados the Contemplative
  2979 | D:4      | Reached skill level 3 in Necromancy
  3107 | D:4      | Identified 5 scrolls of identify
  3107 | D:4      | Identified a potion of mutation
  3108 | D:4      | Identified a potion of degeneration
  3109 | D:4      | Identified a potion of heal wounds
  3110 | D:4      | Identified a potion of curing
  3265 | D:4      | Found Aleqig's Jewellery Emporium.
  3475 | D:5      | Entered Level 5 of the Dungeon
  3628 | D:5      | Reached skill level 1 in Translocations
  3739 | D:5      | Reached skill level 6 in Axes
  3858 | D:5      | Reached skill level 2 in Translocations
  3858 | D:5      | Reached XP level 7. HP: 17/46 MP: 11/11
  4036 | D:5      | Identified a potion of cancellation
  4320 | D:5      | Found an iron altar of Okawaru.
  4326 | D:5      | Found a broken altar of Ashenzari.
  4331 | D:5      | Found an opulent altar of Gozag.
  4720 | D:6      | Learned a level 1 spell: Sting
  4925 | D:6      | Reached skill level 7 in Axes
  4925 | D:6      | Reached skill level 1 in Alchemy
  5329 | D:6      | Identified a potion of invisibility
  5519 | D:6      | Reached skill level 2 in Alchemy
  5859 | D:6      | Reached XP level 8. HP: 61/61 MP: 9/12
  5866 | D:6      | Reached skill level 8 in Axes
  5875 | D:6      | Reached * piety under Cheibriados
  6373 | D:7      | Reached skill level 3 in Alchemy
  6633 | D:7      | Reached skill level 9 in Axes
  6782 | D:7      | Reached skill level 4 in Spellcasting
  7156 | D:7      | Reached skill level 3 in Fighting
  7326 | D:7      | Engulfed by a steam dragon's steam

Illustrated notes

Levels and vault maps discovered:
D:1:      saegor_arrival_under_anarchy, layout_basic
D:2:      layout_basic
D:3:      layout_basic, ebering_ecumenical_altar_mist, uniq_terence,
          uniq_natasha
D:4:      layout_loops_ring, minmay_temple_entry_sparse_star, serial_shops,
          nicolae_shop_rolling_square, chequers_mini_garden
D:5:      layout_loops_ring, minmay_overflow_temple_star_quad,
          nicolae_eternal_life
D:6:      layout_loops_ring, serial_bayou, serial_bayou_pond_d,
          serial_bayou_lagoon_a, serial_bayou_lagoon_b, serial_bayou_shore_b
D:7:      layout_basic, kennysheep_generic_room_7
Temple:   compressed_dpeg_triangle_lava_temple

Skill      XL: |  1  2  3  4  5  6  7  8 |
---------------+-------------------------+-----
Spellcasting   | 2 3 4 |  4.0
Conjurations   | 3 4 |  4.0
Axes           | 4 5 6 7 9 |  9.5
Necromancy     | 2 3 |  3.0
Translocations | 2 |  2.3
Alchemy        | 2 3 |  3.2
Fighting       | 3 |  3.0
Dodging        | |  1.3

Action                     |  1- 3 |  4- 6 |  7- 9 || total
---------------------------+-------+-------+-------++-------
  Melee: Hand axe          |   108 |   208 |   148 ||   464
  Throw: Dart              |       |       |     4 ||     4
   Cast: Kiss of Death     |       |     5 |     5 ||    10
         Momentum Strike   |       |       |    19 ||    19
         Sting             |       |       |    16 ||    16
  Evoke: Wand              |       |       |     3 ||     3
    Use: Scroll            |       |     5 |     2 ||     7
         Potion            |       |       |     3 ||     3
 Armour: Leather armour    |    73 |   130 |   146 ||   349
  Dodge: Dodged            |    90 |   116 |    95 ||   301

Table legend: (Time is in decaauts)
 A = Elapsed time spent in this place.
 B = Non-inter-level travel time spent in this place.
 C = Inter-level travel time spent in this place.
 D = Time resting spent in this place.
 E = Time spent auto-exploring this place.
 F = Levels seen in this place.
 G = Mean time per level.
                   A        B        C        D        E       F      G
               +--------+--------+--------+--------+--------+-----+--------+
         Total |   8165 |   7840 |    325 |   1903 |   4766 |   8 | 1020.6 |
       Dungeon |   8133 |   7827 |    306 |   1903 |   4766 |   7 | 1161.9 |
        Temple |     32 |     14 |     18 |      0 |      0 |   1 |   32.0 |
               +--------+--------+--------+--------+--------+-----+--------+

Top non-repeatable levels by time:
     D:6: 1998 daAuts
     D:5: 1432 daAuts
     D:4: 1114 daAuts
     D:7: 1083 daAuts
     D:3: 981 daAuts
     D:1: 777 daAuts
     D:2: 745 daAuts
  Temple: 32 daAuts
